 Dungeon Crawl Stone Soup version 0.25.1-2-g60ff931df9 (webtiles) character file.

Game seed: 8503979430147395603

30 HawFromDerth the Firebug (level 3, -3/19 HPs)
             Began as a Deep Elf Fire Elementalist on Sept 17, 2020.
             Engulfed by a cloud of flame (21 damage)
             ... on level 2 of the Dungeon on Sept 18, 2020.
             The game lasted 00:06:02 (2000 turns).

HawFromDerth the Firebug (DEFE)                     Turns: 2000, Time: 00:06:03

Health: -3/19      AC:  2    Str:  5    XL:     3   Next: 5%
Magic:  4/10       EV: 13    Int: 19    God:
Gold:   86         SH:  0    Dex: 16    Spells: 5/9 levels left

rFire    . . .     SeeInvis .   e - +0 short sword
rCold    . . .     Gourm    .   (no shield)
rNeg     . . .     Faith    .   a - +0 robe
rPois    .         Spirit   .   (no helmet)
rElec    .         Reflect  .   (no cloak)
rCorr    .         Harm     .   (no gloves)
MR       .....                  (no boots)
Stlth    ++........             (no amulet)
HPRegen  0.06/turn              (no ring)
MPRegen  0.12/turn              (no ring)

@: no status effects
A: no striking features
a: no special abilities


You were on level 2 of the Dungeon.
You were not hungry.

You visited 1 branch of the dungeon, and saw 2 of its levels.

You collected 86 gold pieces.

Inventory:

Hand Weapons
 e - a +0 short sword (weapon)
Armour
 a - a +0 robe (worn)
Scrolls
 b - a scroll of amnesia {unknown}
 d - a scroll of blinking {unknown}
 f - a scroll of identify {unknown}
 g - a scroll of remove curse {unknown}
Potions
 h - a potion of curing {unknown}
 j - a potion of berserk rage {unknown}
Comestibles
 c - 2 rations
 i - a chunk of flesh


   Skills:
 + Level 2.6 Dodging
 + Level 2.4 Stealth
 + Level 3.7 Spellcasting
 + Level 1.5 Conjurations
 + Level 4.0 Fire Magic


You had 5 spell levels left.
You knew the following spells:

 Your Spells              Type           Power        Failure   Level  Hunger
a - Foxfire               Conj/Fire      ##..         4%          1    None
b - Conjure Flame         Conj/Fire      ##......     14%         3    ###....

Your spell library contained the following spells:

 Spells                   Type           Power        Failure   Level  Hunger
 Inner Flame              Hex/Fire       ##......     19%         3    ###....
 Sticky Flame             Conj/Fire      ##......     41%         4    ####...
 Fireball                 Conj/Fire      ##........   77%         5    ######.


Dungeon Overview and Level Annotations

Branches:
Dungeon (2/15)

Altars:


Message History

Confirm with . or Enter, or press ? or * to list all spells.
You don't know that spell.
Casting: Conjure Flame (extremely dangerous; 14% risk of failure)
Confirm with . or Enter, or press ? or * to list all spells.
The spell is extremely dangerous to cast (14% risk of failure)!
Continue anyway?
Okay, then.
Casting: Conjure Flame (extremely dangerous; 14% risk of failure)
Confirm with . or Enter, or press ? or * to list all spells.
The spell is extremely dangerous to cast (14% risk of failure)!
Continue anyway?
The fire begins to smolder!
The hobgoblin hits you with a +0 hand axe.
Casting: Conjure Flame (extremely dangerous; 14% risk of failure)
Confirm with . or Enter, or press ? or * to list all spells.
You don't know that spell.
Casting: Conjure Flame (extremely dangerous; 14% risk of failure)
Confirm with . or Enter, or press ? or * to list all spells.
The spell is extremely dangerous to cast (14% risk of failure)!
Continue anyway?
The fire ignites!
You are engulfed in blazing flames.
Ouch! That really hurt!
You die...

..#.##.##(....# #......#
#.#.##.#####.## #).....#
#.#.##.# #.# #......# #.#.##.#
#.#####......# #.#....#
#.#....###.###
#.##########.#....###.########
...........................<..
######.#####.#######.#####.##.
................@g.....<....
######.......#######.#######
######### #.. #.. #..P #..#
#..'


You could see a hobgoblin.

Vanquished Creatures
  2 dart slugs (D:2)
  A leopard gecko (D:1)
  2 bats
  2 giant cockroaches (D:1)
  4 goblins (D:1)
  2 hobgoblins
  4 kobolds
  2 frilled lizards (D:1)
  5 rats
24 creatures vanquished.

Vanquished Creatures (others)
  A goblin (D:2)
  64 foxfires
65 creatures vanquished.

Grand Total: 89 creatures vanquished

Notes
Turn   | Place    | Note
-------+----------+-------------------------------------------
     0 | D:1      | HawFromDerth the Deep Elf Fire Elementalist began the quest
                  | for the Orb.
     0 | D:1      | Reached XP level 1. HP: 10/10 MP: 6/6
   335 | D:1      | Reached XP level 2. HP: 15/15 MP: 5/8
  1478 | D:2      | Reached skill level 4 in Fire Magic
  1821 | D:2      | Reached XP level 3. HP: 14/19 MP: 10/10
  1968 | D:2      | Learned a level 3 spell: Conjure Flame
  2000 | D:2      | Engulfed by a cloud of flame

Illustrated notes

Levels and vault maps discovered:
D:1:      lightli_arrival_quake, layout_basic, minmay_tall_x
D:2:      cheibrodos_old_hovel, layout_basic, uniq_natasha, uniq_jessica

Skill      XL: |  1  2 |
---------------+-------+-----
Fire Magic     | 4 |  4.0
Dodging        | |  2.6
Stealth        | |  2.4
Spellcasting   | |  3.7
Conjurations   | |  1.5

Action                   || total
-------------------------++-------
Melee: Short sword       ||     9
 Cast: Foxfire           ||    59
       Conjure Flame     ||     2
  Eat: Chunk             ||     3
Armor: Robe              ||     2
Dodge: Dodged            ||    12
